 Dungeon Crawl Stone Soup version 0.32-a0-656-g3542139ebd (webtiles) character file.

Game seed: 6732987133257483953

43 Dittersdorf the Shield-Bearer (level 3, 0/24 HPs)
             Began as a Gargoyle Fighter on Mar 8, 2024.
             Killed by divine providence
             ... invoked by an orc priest
              (15 damage)
             ... on level 2 of the Dungeon.
             The game lasted 00:01:00 (1178 turns).

Dittersdorf the Shield-Bearer (Gargoyle Fighter)    Turns: 1178, Time: 00:01:01

Health: 0/24       AC: 14    Str: 21    XL:     3   Next: 58%
Magic:  3/3        EV:  9    Int:  8    God:
Gold:   77         SH:  4    Dex:  9    Spells: 2/2 levels left

rFire   . . .        a - +0 flail
rCold   . . .        c - +0 buckler
rNeg    + . .        b - +0 scale mail
rPois   ∞            (no helmet)
rElec   +            (no cloak)
rCorr   .            (no gloves)
SInv    .            (no boots)
Will    +....        (no amulet) Stlth
                     h - +4 ring of protection
HPRegen 0.24/turn    j - ring of willpower
MPRegen 0.08/turn

%: no passive effects
@: no status effects
A: sickness immunity, AC +3, negative energy resistance 1, electricity
resistance, torment resistance 1, petrification resistance
a: Convert to Beogh


You were on level 2 of the Dungeon.
You visited 1 branch of the dungeon, and saw 2 of its levels.

You collected 77 gold pieces.

Inventory:

Hand Weapons
 a - a +0 flail (weapon)
Armour
 b - a +0 scale mail (worn)
 c - a +0 buckler (worn)
Jewellery
 h - a +4 ring of protection (left hand)
 j - a ring of willpower (right hand)
Scrolls
 e - a scroll of enchant weapon {unknown}
 f - 4 scrolls of identify {unknown}
 g - 2 scrolls of amnesia {unknown}
 m - a scroll of butterflies {unknown}
Potions
 d - 4 potions of might
 i - a potion of attraction {unknown}
 k - a potion of invisibility {unknown}
 l - a potion of haste {unknown}


   Skills:
 + Level 3.7 Fighting
 + Level 2.5 Maces & Flails
 + Level 3.7 Armour
 + Level 3.8 Shields


You had 2 spell levels left.
You didn't know any spells.
Your spell library was empty.

Dungeon Overview and Level Annotations

Branches:
Dungeon (2/15)

Altars:


Innate Abilities, Weirdness & Mutations

You are immune to sickness and miasma.
Your stone body is resilient. (AC +3)
You are immune to poison.
You resist negative energy. (rN+)
You are resistant to electric shocks. (rElec)
You are resistant to unholy torment.
You are immune to petrification.


Message History

m - a scroll labelled UJECSU WIFUWKU An orc comes into view.
It is wielding a +0 short sword.
The orc shouts!
An orc comes into view. It is wielding a +0 club.
There are monsters nearby!
An orc comes into view. It is wielding a +0 club.
The orc shouts! x2; You hear a shout!
An orc priest comes into view. It is wielding a +0 dagger.
The orc hits you with a +0 short sword.
The orc priest calls down the wrath of Beogh upon you.
Beogh smites you!
The orc priest shouts, "The Pantheon deserves no one's loyalty.
Let us show you the true path!" (press Y on the ability menu to convert to Beogh)
You barely miss the orc. The orc barely misses you.
You hit the orc but do no damage. The orc barely misses you.
The orc priest shouts, "Beogh offers mercy even to people such as you.
Join us and be reborn!"
You hit the orc.
The orc is lightly wounded.
The orc barely misses you.
You closely miss the orc.
The orc is lightly wounded.
The orc hits you but does no damage. x2
You hit the orc but do no damage.
The orc is lightly wounded.
The orc closely misses you.
You barely miss the orc. The orc closely misses you.
The orc priest looks encouraged for a moment.
You sock the orc!
You kill the orc!
You block the orc's attack.
You completely miss the orc. The orc hits you but does no damage.
An adder comes into view.
You closely miss the orc.
The adder hisses angrily.
The orc hits you but does no damage.
You barely miss the orc. You block the orc's attack. The orc barely misses you.
The orc priest mumbles some strange prayers to Beogh against you.
Beogh smites you!
Ouch! That really hurt!
You die...

#.# #.# #.# #.#
#.#
###############.##
#.Sooo@..........#
#.######......)..#
#.#######.#
#...######.#
#..........#
....#####..## #
##.### #...##### #
#. #.#...... ####
#...##..#


You could see an orc priest, an adder and 2 orcs.

Vanquished Creatures
  2 ribbon worms (D:2)
  An orc (D:2)
  4 ball pythons
  3 bats
  3 hobgoblins (D:1)
  7 kobolds (D:1)
  3 quokkas
  A frilled lizard (D:1)
  6 goblins
  2 rats (D:2)
32 creatures vanquished.

Notes
Turn   | Place    | Note
-------+----------+-------------------------------------------
     0 | D:1      | Dittersdorf the Gargoyle Fighter began the quest for the
                  | Orb.
     0 | D:1      | Reached XP level 1. HP: 14/14 MP: 1/1
   230 | D:1      | Reached XP level 2. HP: 12/19 MP: 2/2
   868 | D:2      | Reached XP level 3. HP: 23/23 MP: 3/3
  1178 | D:2      | Killed from afar by an orc priest

Illustrated notes

Levels and vault maps discovered:
D:1:      lightli_arrival_quake, layout_basic
D:2:      layout_loops_ring, guppyfry_early_lair_pool

Action                     || total
---------------------------++-------
  Melee: Flail             ||   128
 Armour: Scale mail        ||   122
  Dodge: Dodged            ||    59
  Block: Buckler           ||    25

Table legend: (Time is in decaauts)
 A = Elapsed time spent in this place.
 B = Non-inter-level travel time spent in this place.
 C = Inter-level travel time spent in this place.
 D = Time resting spent in this place.
 E = Time spent auto-exploring this place.
 F = Levels seen in this place.
 G = Mean time per level.
                   A        B        C        D        E       F      G
               +--------+--------+--------+--------+--------+-----+--------+
         Total |   1218 |   1191 |     27 |      0 |    890 |   2 |  609.0 |
       Dungeon |   1218 |   1191 |     27 |      0 |    890 |   2 |  609.0 |
               +--------+--------+--------+--------+--------+-----+--------+

Top non-repeatable levels by time:
     D:1: 881 daAuts
     D:2: 337 daAuts
